 Dungeon Crawl Stone Soup version 0.31.0-32-g396128a36d (webtiles) character file.

Game seed: 13119496875302897239

389 PaiMei the Grave Robber (level 6, -4/46 HPs)
             Began as a Demonspawn Necromancer on Apr 23, 2024.
             Slain by an ogre
             ... wielding a +0 giant club
              (32 damage)
             ... on level 4 of the Dungeon.
             The game lasted 00:06:53 (4112 turns).

PaiMei the Grave Robber (Demonspawn Necromancer)    Turns: 4112, Time: 00:06:54

Health: -4/46      AC:  7    Str:  9    XL:     6   Next: 50%
Magic:  4/11       EV: 13    Int: 17    God:
Gold:   129        SH:  0    Dex: 13    Spells: 8/12 levels left

rFire   . . .        r - +1 short sword (vamp)
rCold   . . .        (no shield)
rNeg    . . .        a - +0 robe
rPois   +            (no helmet)
rElec   .            (no cloak)
rCorr   .            p - +0 pair of gloves
SInv    .            (no boots)
Will    .....        (no amulet)
Stlth   ++           d - ring of poison resistance
HPRegen 0.27/turn    o - +4 ring of protection
MPRegen 0.12/turn

%: no passive effects
@: very slightly contaminated
A: hooves 1, demonic touch 2
a: no special abilities


You were on level 4 of the Dungeon.
You visited 1 branch of the dungeon, and saw 4 of its levels.

You collected 129 gold pieces.

Inventory:

Hand Weapons
 c - a +0 dagger
 r - a +1 vampiric short sword (weapon)
Missiles
 l - 6 poisoned darts (quivered)
Armour
 a - a +0 robe (worn)
 p - a +0 pair of gloves (worn)
Jewellery
 d - a ring of poison resistance (left hand)
 o - a +4 ring of protection (right hand)
Scrolls
 e - a scroll of poison {unknown}
 h - a scroll of fear {unknown}
 j - 3 scrolls of teleportation {unknown}
 k - a scroll of identify {unknown}
 t - a scroll of fog {unknown}
Potions
 b - a potion of magic
 f - a potion of resistance {unknown}
 g - 2 potions of berserk rage {unknown}
 i - 2 potions of cancellation {unknown}
 m - a potion of haste {unknown}
 n - 3 potions of enlightenment {unknown}
 q - 2 potions of heal wounds {unknown}
 s - a potion of mutation {unknown}


   Skills:
 + Level 2.5 Fighting
 + Level 3.4 Dodging
 - Level 2.5 Stealth
 + Level 3.5 Spellcasting
 + Level 5.7 Necromancy


You had 8 spell levels left.
You knew the following spells:

 Your Spells              Type           Power      Damage    Failure   Level
a - Necrotise             Necr           88%        1d8       1%          1
b - Vampiric Draining     Necr           22%        2d7       4%          3

Your spell library contained the following spells:

 Spells                   Type           Power      Damage    Failure   Level
 Fugue of the Fallen      Necr           22%        N/A       4%          3
 Animate Dead             Necr           22%        N/A       16%         4
 Lesser Beckoning         Tloc           6%         N/A       26%         2
 Curse of Agony           Necr           22%        N/A       41%         5
 Gell's Gravitas          Tloc           3%         N/A       45%         3
 Ozocubu's Armour         Ice            3%         N/A       45%         3
 Teleport Other           Tloc           3%         N/A       45%         3
 Martyr's Knell           Necr/Summ      12%        N/A       45%         4
 Manifold Assault         Tloc           3%         N/A       86%         4


Dungeon Overview and Level Annotations

Branches:
Dungeon (4/15)
 Temple: D:4-7

Altars:
Okawaru

Shops:
D:1 [   D:2 (


Innate Abilities, Weirdness & Mutations

You have large cloven feet.
Your touch may inflict irresistible damage on your foes.


Message History

Aiming: Necrotise (safe; 1% risk of failure)
Press: ? - help, Shift-Dir - straight line, f/p - ogre
Aim: an ogre, wielding a +0 giant club (moderately wounded, chance to affect: 81%)
The ogre barely resists.
The ogre hits you with a +0 giant club!!
Casting: Necrotise (safe; 1% risk of failure)
Confirm with . or Enter, or press ? or * to list all spells.
Aiming: Necrotise (safe; 1% risk of failure)
Press: ? - help, Shift-Dir - straight line, f/p - ogre
Aim: an ogre, wielding a +0 giant club (moderately wounded, chance to affect: 81%)
The ogre writhes in agony.
The ogre completely misses you.
Casting: Necrotise (safe; 1% risk of failure)
Confirm with . or Enter, or press ? or * to list all spells.
Aiming: Necrotise (safe; 1% risk of failure)
Press: ? - help, Shift-Dir - straight line, f/p - ogre
Aim: an ogre, wielding a +0 giant club (heavily wounded, chance to affect: 81%)
The ogre writhes in agony.
Casting: Necrotise (safe; 1% risk of failure)
Confirm with . or Enter, or press ? or * to list all spells.
Aiming: Necrotise (safe; 1% risk of failure)
Press: ? - help, Shift-Dir - straight line, f/p - ogre
Aim: an ogre, wielding a +0 giant club (severely wounded, chance to affect: 81%)
The ogre writhes in agony.
The ogre closely misses you.
You hit the ogre but do no damage. You kick the ogre, but do no damage.
Your touch misses the ogre.
The ogre is severely wounded.
The ogre barely misses you.
Casting: Necrotise (safe; 1% risk of failure)
Confirm with . or Enter, or press ? or * to list all spells.
Aiming: Necrotise (safe; 1% risk of failure)
Press: ? - help, Shift-Dir - straight line, f/p - ogre
Aim: an ogre, wielding a +0 giant club (severely wounded, chance to affect: 81%)
You miscast Necrotise.
You are very lightly contaminated with residual magic.
Nothing appears to happen.
You hit the ogre.
You feel better.
You kick the ogre.
The ogre is almost dead.
The ogre hits you with a +0 giant club!!
Ouch! That really hurt!
You die...

# #.......# # #.......# #
#.......# ##### ## #.....>.#
#...# ... #.......# ....#
....######.......# ....#
.............†...# ....#
.............)...#### #...#
......O@............. #...#
..................... ....#
..................... ....#
..................... ....#
..........###'###....
....################.....#....
.........................# ...
.........................# ..
..................##.....#


You could see an ogre.

Vanquished Creatures
  An ogre (D:4)
  A bombardier beetle (D:4)
  An orc priest (D:3)
  A hound (D:3)
  Natasha (thrice) (D:3)
  3 adders
  3 dart slugs
  2 ribbon worms
  7 orcs
  9 ball pythons
  7 endoplasms
  3 giant cockroaches
  5 goblins
  10 hobgoblins
  8 jackals (D:1)
  2 quokkas
  3 bats
  3 frilled lizards
  8 kobolds
  2 rats
82 creatures vanquished.

Vanquished Creatures (collateral kills)
  An adder (D:3)
  An endoplasm (D:2)
  A rat (D:3)
3 creatures vanquished.

Grand Total: 85 creatures vanquished

Notes
Turn   | Place    | Note
-------+----------+-------------------------------------------
     0 | D:1      | PaiMei the Demonspawn Necromancer began the quest for the
                  | Orb.
     0 | D:1      | Reached XP level 1. HP: 13/13 MP: 3/3
   125 | D:1      | Found Bupnoor's Armour Shoppe.
   244 | D:1      | Discovered your monstrous ancestry.
   244 | D:1      | Gained mutation: Your touch may inflict minor irresistible
                  | damage on your foes. [demonic ancestry]
   244 | D:1      | Reached XP level 2. HP: 10/19 MP: 0/5
  1088 | D:1      | Reached XP level 3. HP: 24/24 MP: 2/6
  1407 | D:2      | Found Kekaw's Antique Weapon Emporium.
  1608 | D:2      | Found an iron altar of Okawaru.
  1959 | D:2      | Learned a level 3 spell: Vampiric Draining
  2583 | D:3      | Gained mutation: You have large cloven feet. [demonic
                  | ancestry]
  2583 | D:3      | Reached XP level 4. HP: 30/30 MP: 3/7
  2838 | D:3      | Reached skill level 5 in Necromancy
  3016 | D:3      | Noticed Natasha
  3022 | D:3      | Killed Natasha
  3023 | D:3      | Reached skill level 1 in Fighting
  3145 | D:3      | Gained mutation: Your touch may inflict irresistible damage
                  | on your foes. [demonic ancestry]
  3145 | D:3      | Reached XP level 5. HP: 34/37 MP: 4/9
  3245 | D:3      | Noticed Natasha
  3265 | D:3      | Killed Natasha
  3522 | D:3      | Noticed Natasha
  3526 | D:3      | Killed Natasha
  3579 | D:4      | Noticed a black bear
  3768 | D:4      | Noticed an ogre
  3776 | D:4      | Reached XP level 6. HP: 44/44 MP: 6/10
  4112 | D:4      | Slain by an ogre

Illustrated notes

Levels and vault maps discovered:
D:1:      wander_arrival_peaceful_grave, layout_basic, serial_shops, shop
D:2:      layout_rooms, serial_shops, shop, basic_altar
D:3:      layout_basic, kennysheep_boxes, uniq_natasha
D:4:      layout_gridville, minmay_temple_entry_statues_fountains,
          chequers_serial_rivers_room_b, minmay_crossroads

Skill      XL: |  1  2  3  4  5 |
---------------+----------------+-----
Stealth        | 2 |  2.5
Dodging        | 2 3 |  3.4
Necromancy     | 5 |  5.7
Fighting       | 1 2 |  2.5
Spellcasting   | 3 |  3.5

Action                     |  1- 3 |  4- 6 || total
---------------------------+-------+-------++-------
  Melee: Unarmed           |    10 |       ||    10
         Dagger            |    30 |     4 ||    34
         Touch             |     4 |     4 ||     8
         Kick              |       |     7 ||     7
         Short sword       |       |    16 ||    16
   Cast: Necrotise         |    70 |    95 ||   165
   Stab: Sleeping          |     1 |       ||     1
 Armour: Robe              |    25 |    39 ||    64
  Dodge: Dodged            |    50 |    37 ||    87
